 Dungeon Crawl Stone Soup version 0.30.1-11-g7821555f0a (webtiles) character file.

Game seed: 10406557119627798186

4455 Peloso the Carver (level 10, -6/88 HPs)
             Began as a Minotaur Fighter on Dec 17, 2023.
             Was a Believer of Okawaru.
             Killed from afar by an ophan (22 damage)
             ... with a bolt of fire
             ... on level 1 of the Abyss.
             The game lasted 00:16:28 (8798 turns).

Peloso the Carver (Minotaur Fighter)                Turns: 8798, Time: 00:16:29

Health: -6/88      AC: 15    Str: 21    XL:     10   Next: 15%
Magic:  9/9        EV:  9    Int:  5    God:    Okawaru [**....]
Gold:   434        SH:  6    Dex: 14    Spells: 9/9 levels left

rFire   . . .        a - +1 long sword
rCold   . . .        d - +0 buckler
rNeg    . . .        c - +1 chain mail
rPois   .            (helmet restricted)
rElec   .            o - +0 cloak
rCorr   .            (no gloves)
SInv    .            s - +0 pair of boots
Will    .....        (no amulet) Stlth
                     (no ring)
HPRegen 0.34/turn    (no ring)
MPRegen 0.11/turn

%: no passive effects
@: glowing
A: horns 2, retaliatory headbutt
a: Renounce Religion, Heroism


You were on level 1 of the Abyss.
You worshipped Okawaru.
Okawaru was pleased with you.
You visited 2 branches of the dungeon, and saw 9 of its levels.
You visited the Abyss 1 time.

You collected 434 gold pieces.

Inventory:

Hand Weapons
 a - a +1 long sword (weapon)
Missiles
 i - a throwing net (quivered)
Armour
 b - a +0 scale mail
 c - a +1 chain mail (worn)
 d - a +0 buckler (worn)
 o - a +0 cloak (worn)
 s - a +0 pair of boots (worn)
Wands
 l - a wand of iceblast (11)
 v - a wand of flame (30)
Scrolls
 e - a scroll of magic mapping
 g - 3 scrolls of silence
 h - a scroll of immolation
 k - 2 scrolls of teleportation
 m - a scroll of blinking
 n - 6 scrolls of amnesia {unknown}
 p - 2 scrolls of fog
 r - 3 scrolls of fear
 t - a scroll of enchant weapon
 w - 2 scrolls of identify
Potions
 f - a potion of might
 j - 2 potions of curing
 q - 2 potions of mutation
 u - a potion of berserk rage {unknown}


   Skills:
 + Level 8.0 Fighting
 + Level 11.2 Long Blades
 + Level 0.1 Throwing
 + Level 10.1 Armour
 + Level 3.3 Dodging
 + Level 1.3 Stealth
 + Level 7.0 Shields
 + Level 0.1 Invocations


You had 9 spell levels left.
You didn't know any spells.
Your spell library contained the following spells:

 Spells                   Type           Power      Damage    Failure   Level
 Kiss of Death            Conj/Necr      0%         2d5       97%         1
 Ensorcelled Hibernation  Hex/Ice        0%         N/A       99%         2
 Passwall                 Tmut/Erth      0%         N/A       99%         2
 Confusing Touch          Hex            0%         N/A       100%        3
 Frozen Ramparts          Ice            0%         1d1       100%        3
 Swiftness                Air            0%         N/A       100%        3
 Vhi's Electric Charge    Tloc/Air       0%         N/A       100%        3
 Dispel Undead            Necr           0%         3d6       100%        4
 Ice Form                 Ice/Tmut       0%         N/A       100%        4
 Passage of Golubria      Tloc           0%         N/A       100%        4
 Arcjolt                  Conj/Air       0%         1d10      100%        5
 Silence                  Hex/Air        0%         N/A       100%        5
 Lehudib's Crystal Spear  Conj/Erth      0%         10d2      100%        8
 Maxwell's Capacitive Co  Air            0%         ∞         100%        8
 Summon Ice Beast         Ice/Summ       Unusable   N/A       N/A         4

Dungeon Overview and Level Annotations

Branches:
Dungeon (8/15)             Temple (1/1) D:7            Lair (0/5) D:8

Altars:
Ashenzari
Cheibriados
Dithmenos
Elyvilon
Hepliaklqana
Kikubaaqudgha
Makhleb
Nemelex Xobeh
Okawaru
Qazlal
Ru
Trog
Uskayaw
Vehumet
Wu Jian
Xom
Yredelemnul
Zin
The Shining One

Shops:
D:8 =


Innate Abilities, Weirdness & Mutations

You have a pair of horns on your head.
You reflexively headbutt those who attack you in melee.


Message History

An ancient zyme comes into view.
You are suddenly pulled into a different region of the Abyss!
An ophan comes into view.
The ophan turns its gaze towards you.
You slash the ophan!
The ophan is lightly wounded.
The ophan harnesses the cleansing power of fire!
The bolt of fire hits you!!!
You closely miss the ophan.
The ophan is lightly wounded.
You hit the ophan but do no damage.
The ophan is lightly wounded.
You hit the ophan.
The ophan is lightly wounded.
The ophan harnesses the cleansing power of fire!
The bolt of fire hits you!
You hit the ophan.
The ophan is lightly wounded.
You hit the ophan.
The ophan is lightly wounded.
You hit the ophan.
The ophan is lightly wounded.
You hit the ophan. Your headbutt misses the ophan.
The ophan is moderately wounded.
You barely miss the ophan. You headbutt the ophan!
The ophan is moderately wounded.
You completely miss the ophan. Your headbutt misses the ophan.
The ophan is moderately wounded.
The ophan calls forth blessed flames!
Blessed fire suddenly surrounds you!
You barely miss the ophan.
The ophan is moderately wounded.
The ophan harnesses the cleansing power of fire!
The bolt of fire hits you!!
* * * LOW HITPOINT WARNING * * *
You hit the ophan but do no damage. You headbutt the ophan!
The ophan is moderately wounded.
The ophan harnesses the cleansing power of fire!
The bolt of fire hits you!!
You die...

## ##. ##
#§##.#
#@§..#
#§G#...#
...##....#
###..
###.. #
##.# .##
.. .# ...
....


You could see an ophan.

Vanquished Creatures
  A deep elf zephyrmancer (D:8)
  A large abomination (Abyss:1)
  2 small abominations (Abyss:1)
  2 wyverns
  Grum (D:7)
  2 steam dragons
  A water moccasin (D:8)
  An orc warrior (D:8)
  4 black bears
  3 ogres
  4 wolves
  2 bullfrogs (D:8)
  A gnoll sergeant (D:7)
  2 kobold brigands
  3 scorpions
  A howler monkey (D:6)
  4 jellies
  5 hounds
  Crazy Yiuf (D:5)
  6 orc priests
  2 iguanas
  2 sleepcaps (D:6)
  7 orc wizards
  Natasha (D:3)
  3 adders
  14 gnolls
  3 ufetubi
  A worm (D:3)
  4 dart slugs
  21 orcs
  8 ball pythons
  7 bats
  5 endoplasms
  3 giant cockroaches
  3 goblins
  5 hobgoblins
  4 quokkas
  4 frilled lizards
  18 kobolds
  5 rats (D:2)
167 creatures vanquished.

Notes
Turn   | Place    | Note
-------+----------+-------------------------------------------
     0 | D:1      | Peloso the Minotaur Fighter began the quest for the Orb.
     0 | D:1      | Reached XP level 1. HP: 19/19 MP: 0/0
   103 | D:1      | Found a faded altar of an unknown god.
   169 | D:1      | Reached XP level 2. HP: 16/27 MP: 1/1
   446 | D:1      | Reached XP level 3. HP: 32/33 MP: 2/2
   819 | D:2      | Reached skill level 1 in Dodging
  1005 | D:2      | Reached skill level 3 in Long Blades
  1464 | D:2      | Reached XP level 4. HP: 41/41 MP: 3/3
  1957 | D:3      | Noticed Natasha
  1960 | D:3      | Killed Natasha
  2068 | D:2      | Reached skill level 4 in Long Blades
  2073 | D:2      | Reached XP level 5. HP: 39/47 MP: 4/4
  2416 | D:4      | Reached skill level 5 in Long Blades
  2545 | D:4      | Reached skill level 5 in Fighting
  2652 | D:4      | Reached XP level 6. HP: 53/56 MP: 5/5
  3158 | D:5      | Entered Level 5 of the Dungeon
  3203 | D:5      | Reached skill level 6 in Long Blades
  3215 | D:5      | Reached skill level 5 in Armour
  3505 | D:5      | Found an ornate altar of the Wu Jian Council.
  3582 | D:5      | Reached XP level 7. HP: 21/61 MP: 6/6
  4145 | D:5      | Found a runed translucent door.
  4146 | D:5      | Noticed Crazy Yiuf
  4155 | D:5      | Killed Crazy Yiuf
  4285 | D:6      | Reached skill level 7 in Long Blades
  5120 | D:6      | Identified the +1 spear of Imbalance {protect, rPois rCorr
                  | Str+2}
  5201 | D:6      | Noticed a wyvern
  5211 | D:6      | Reached skill level 5 in Shields
  5211 | D:6      | Reached XP level 8. HP: 70/70 MP: 7/7
  5229 | D:6      | Reached skill level 1 in Stealth
  5338 | D:6      | Found a bloodstained altar of Trog.
  5720 | D:6      | Reached skill level 8 in Long Blades
  5736 | D:7      | Found a staircase to the Ecumenical Temple.
  5749 | Temple   | Entered the Ecumenical Temple
  6010 | Temple   | Became a worshipper of Warmaster Okawaru
  6128 | D:6      | Found a shadowy altar of Dithmenos.
  6618 | D:7      | Reached skill level 9 in Long Blades
  6742 | D:8      | Reached * piety under Okawaru
  6743 | D:8      | Reached XP level 9. HP: 58/79 MP: 8/8
  6757 | D:8      | Noticed Grum
  7128 | D:7      | Killed Grum
  7309 | D:8      | Found Unaxoev's Jewellery Boutique.
  7325 | D:7      | HP: 2/79 [poisoned by a kobold brigand (curare-tipped
                  | dart)]
  7518 | D:8      | Reached skill level 10 in Long Blades
  7761 | D:8      | Reached ** piety under Okawaru
  7924 | D:8      | Found a staircase to the Lair.
  7979 | D:8      | Noticed a deep elf zephyrmancer
  7990 | D:8      | Killed a deep elf zephyrmancer
  8386 | D:7      | Reached XP level 10. HP: 75/88 MP: 9/9
  8437 | Abyss:1  | Cast into level 1 of the Abyss (gnoll)
  8497 | Abyss:1  | Reached skill level 11 in Long Blades
  8598 | Abyss:1  | Noticed a large abomination
  8610 | Abyss:1  | Killed a large abomination
  8611 | Abyss:1  | Reached skill level 10 in Armour
  8784 | Abyss:1  | Noticed an ophan
  8798 | Abyss:1  | Killed from afar by an ophan

Illustrated notes

Levels and vault maps discovered:
D:1:      dpeg_arrival_leaves_temple_mockup, layout_basic,
          hellmonk_ecumenical_altar_pennies_from_heaven
D:2:      layout_loops_ring, patterned_corridor
D:3:      layout_basic, uniq_natasha
D:4:      layout_cave_pools, minivault_11
D:5:      layout_rooms, pdpol_wu_jian_five_deadly_venoms, serial_aquarium,
          aquarium_bridge_straight [aquarium_subvault_bridge,
          aquarium_subvault_wall, aquarium_subvault_bridge,
          aquarium_subvault_window], aquarium_bridge_straight
          [aquarium_subvault_bridge, aquarium_subvault_balcony,
          aquarium_subvault_bridge, aquarium_subvault_wall], aquarium_window_1,
          aquarium_window_fake, aquarium_window_1, aquarium_window_corridor_2,
          aquarium_view_2b, aquarium_view_2a, aquarium_pool_2,
          uniq_crazy_yiuf_cottage
D:6:      layout_rooms, nicolae_overflow_hidden_temple,
          nicolae_elevator_lobby_plus
D:7:      layout_loops_ring, minmay_temple_entry_drinking_statues
D:8:      layout_rooms, grunt_lair_entry_orc_guard_hut, serial_shops, shop,
          nicolae_wand_duel, guppyfry_early_elven_hall, uniq_grum
Temple:   mainiacjoe_temple_bowtie_tessellation
Abyss:1:  base: D:1, hangedman_decor_lopped

Skill      XL: |  1  2  3  4  5  6  7  8  9 10 |
---------------+-------------------------------+-----
Fighting       | 4 5 6 7 8 |  8.0
Armour         | 4 5 6 7 9 10 | 10.1
Dodging        | 1 2 3 |  3.3
Shields        | 4 5 6 7 |  7.0
Long Blades    | 3 4 5 6 7 9 10 11 | 11.2
Stealth        | 1 |  1.3
Throwing       | |  0.1
Invocations    | |  0.1

Action                     |  1- 3 |  4- 6 |  7- 9 | 10-12 || total
---------------------------+-------+-------+-------+-------++-------
  Melee: Long sword        |    85 |   136 |   327 |    35 ||   583
         Headbutt          |     7 |    30 |    57 |    12 ||   106
  Throw: Throwing net      |       |     1 |     1 |       ||     2
 Invoke: Heroism           |       |       |     1 |     1 ||     2
    Use: Potion            |     3 |       |     9 |       ||    12
         Scroll            |       |     7 |     2 |     5 ||    14
 Armour: Scale mail        |    36 |       |       |       ||    36
         Chain mail        |    28 |    73 |   217 |    10 ||   328
  Dodge: Dodged            |    56 |    43 |   137 |     8 ||   244
  Block: Buckler           |    26 |    36 |    93 |     3 ||   158
